 Dungeon Crawl Stone Soup version 0.29-a0-520-gc852659d43 (webtiles) character file.

Game seed: 6619447167994884768

5229 zishaf the Cutter (level 10, -1/55 HPs)
             Began as a Vine Stalker Brigand on May 31, 2022.
             Was a Follower of Uskayaw.
             Slain by a troll (5 damage)
             ... on level 9 of the Dungeon.
             The game lasted 00:16:14 (6652 turns).

zishaf the Cutter (Vine Stalker Brigand)            Turns: 6652, Time: 00:16:15

Health: -1/55      AC: 22    Str: 15    XL:     10   Next: 61%
Magic:  0/14       EV:  5    Int: 11    God:    Uskayaw [*.....]
Gold:   543        SH: 10    Dex: 19    Spells: 9/9 levels left

rFire   . . .      SeeInvis .   b - +2 dagger (venom)
rCold   + . .      Faith    .   j - +0 kite shield
rNeg    . . .      Spirit   +   A - +8 chain mail "Ocruo" {rPois rCorr}
rPois   +          Reflect  .   k - +0 helmet
rElec   .          Harm     .   c - +0 cloak
rCorr   +          Rampage  .   n - +1 pair of gloves
Will    +....                   B - +0 pair of boots
Stlth   ..........              (no amulet)
HPRegen 0.98/turn               o - ring of protection from cold
MPRegen 0.14/turn               (no ring)

@: no status effects
A: fangs 3, regeneration 1, magic shield, antimagic bite, no potion heal 2
a: Renounce Religion, Stomp


You were on level 9 of the Dungeon.
You worshipped Uskayaw.
Uskayaw was noncommittal.
You visited 2 branches of the dungeon, and saw 10 of its levels.

You collected 592 gold pieces.
You spent 49 gold pieces at shops.

Inventory:

Hand Weapons
 a - a +2 dagger of protection
 b - a +2 dagger of venom (weapon)
 D - a +5 long sword of freezing
Missiles
 d - 49 poisoned darts
 e - 11 curare-tipped darts
 q - 6 boomerangs
 E - 4 javelins (quivered)
 F - 4 atropa-tipped darts
Armour
 c - a +0 cloak (worn)
 g - a +0 ring mail
 j - a +0 kite shield (worn)
 k - a +0 helmet (worn)
 n - a +1 pair of gloves (worn)
 t - the +1 robe "Coiruymo" {Slay+2}
   (You found it on level 3 of the Dungeon)

   Slay:      It affects your accuracy & damage with ranged weapons and melee
   (+2).
 A - the +8 chain mail "Ocruo" (worn) {rPois rCorr}
   (You found it on level 6 of the Dungeon)

   rPois:     It protects you from poison.
   rCorr:     It protects you from acid and corrosion.
 B - a +0 pair of boots (worn)
 I - a +0 robe
Jewellery
 m - a ring of fire
 o - a ring of protection from cold (left hand)
Wands
 f - a wand of flame (42)
 s - a wand of paralysis (8)
 y - a wand of digging (4)
Scrolls
 r - a scroll of enchant armour
 u - 2 scrolls of teleportation
 z - a scroll of blinking
 G - a scroll of acquirement {unknown}
 H - 2 scrolls of magic mapping
Potions
 h - 5 potions of curing
 i - 2 potions of mutation
 l - a potion of haste
 p - a potion of ambrosia
 v - a potion of brilliance
 w - 2 potions of flight
 x - a potion of attraction
 C - a potion of magic


   Skills:
 + Level 7.2 Fighting
 + Level 7.3 Short Blades
 - Level 3.0 Throwing
 - Level 3.0 Armour
 - Level 0.7 Dodging
 - Level 6.0 Stealth
 - Level 5.0 Shields
 * Level 5.1 Invocations
 + Level 4.7 Evocations


You had 9 spell levels left.
You didn't know any spells.
Your spell library contained the following spells:

 Spells                   Type           Power      Damage    Failure   Level
 Freeze                   Ice            0%         1d3       100%        1
 Magic Dart               Conj           0%         1d3       100%        1
 Necrotize                Necr           0%         1d4       100%        1
 Shock                    Conj/Air       0%         1d3       100%        1
 Call Imp                 Summ           0%         N/A       100%        2
 Frozen Ramparts          Ice            0%         1d2       100%        3
 Mephitic Cloud           Conj/Pois/Air  0%         N/A       100%        3
 Swiftness                Air            0%         N/A       100%        3
 Vampiric Draining        Necr           0%         2d6       100%        3
 Airstrike                Air            0%         N/A       100%        4
 Anguish                  Hex/Necr       0%         N/A       100%        4
 Hailstorm                Conj/Ice       0%         3d3       100%        4
 Agony                    Necr           0%         N/A       100%        5
 Enfeeble                 Hex            0%         N/A       100%        7


Dungeon Overview and Level Annotations

Branches:
Dungeon (9/15)             Temple (1/1) D:7
   Lair: D:8-11         Orc: D:9-12

Altars:
Ashenzari
Dithmenos
Elyvilon
Fedhas
Gozag
Kikubaaqudgha
Makhleb
Nemelex Xobeh
Qazlal
Ru
Sif Muna
Uskayaw
Vehumet
Wu Jian
Xom
Yredelemnul

Shops:
D:2 [   D:6 =


Innate Abilities, Weirdness & Mutations

You have razor-sharp teeth.
Your natural rate of healing is unusually fast.
When hurt, damage is shared between your health and your magic reserves.
Your bite disrupts and absorbs the magic of your enemies.
Potions cannot restore your health.


Message History

The troll claws you but does no damage. x2
The tengu conjurer hits you but does no damage.
The tengu conjurer pecks you but does no damage.
You block the tengu conjurer's attack.
The tengu conjurer attacks as you move away!
The tengu conjurer hits you. You block the tengu conjurer's attack.
The tengu conjurer claws you. The troll attacks as you move away!
You block the troll's attack.
The troll claws you but does no damage. x2
The tengu conjurer casts a spell at you.
The bolt of lightning hits you!! The troll attacks as you move away!
The troll bites you but does no damage. The troll claws you but does no damage.
You block the troll's attack.
The tengu conjurer casts a spell.
The tengu conjurer blinks!
The tengu conjurer gestures wildly while chanting.
The tengu conjurer blinks!
The troll attacks as you move away! The troll barely misses you. x2
You block the troll's attack.
Things that are here:
a +0 dagger; a +0 dagger The troll attacks as you move away!
The troll bites you but does no damage. The troll claws you.
You block the troll's attack.
There is an open door here.
The troll attacks as you move away! You block the troll's attack. x2
The troll claws you but does no damage. The troll attacks as you move away!
The troll bites you but does no damage. The troll closely misses you.
You block the troll's attack.
There is an open door here.
The troll attacks as you move away! You block the troll's attack.
The troll claws you! The troll claws you.
* * * LOW HITPOINT WARNING * * *
The troll attacks as you move away! The troll bites you.
* * * LOW HITPOINT WARNING * * *
The troll claws you!
* * * LOW HITPOINT WARNING * * *
The troll claws you but does no damage.
There is an open door here.
The troll attacks as you move away! The troll bites you but does no damage.
The troll claws you!
You die...

#........'.#
#........###
#........# #...)))..#
#####'#### #...#
###'### #..[..### ##
#....T@.## .#
#.....#..# ####.##
#.....##.## #.....#
#.....##..# #.....###
#.....###.####........
#.....# #<..##)....#
#.....# ###..).....#
#.....# ####.....#
###.###


You could see a troll.

Vanquished Creatures
  Maggie (D:6)
  Psyche (D:8)
  Grinder (D:6)
  Eustachio (D:8)
  A yak (D:6)
  2 steam dragons
  Edmund (D:6)
  A sky beast (D:6)
  3 orc warriors
  An ice beast (D:8)
  A black bear (D:6)
  3 centaurs
  5 ogres
  A phantom (D:5)
  5 kobold brigands
  4 bullfrogs
  3 necrophages
  4 scorpions
  9 wights
  6 howler monkeys
  3 jellies
  2 hounds
  4 gnoll shamans (D:7)
  3 orc priests
  Crazy Yiuf (D:6)
  5 iguanas
  4 orc wizards
  7 gnolls (D:7)
  9 adders
  2 shadow imps
  A white imp (D:8)
  2 dart slugs
  21 orcs
  6 endoplasms
  2 giant cockroaches (D:1)
  2 goblins
  4 hobgoblins
  8 jackals
  18 kobolds
  4 quokkas
  6 ball pythons
  7 bats
  3 frilled lizards
  3 rats (D:1)
181 creatures vanquished.

Vanquished Creatures (others)
  6 fungi (D:7)
  4 plants (D:7)
10 creatures vanquished.

Grand Total: 191 creatures vanquished

Notes
Turn   | Place    | Note
-------+----------+-------------------------------------------
     0 | D:1      | zishaf the Vine Stalker Brigand began the quest for the
                  | Orb.
     0 | D:1      | Reached XP level 1. HP: 11/11 MP: 2/2
   231 | D:1      | Reached skill level 5 in Stealth
   231 | D:1      | Reached XP level 2. HP: 15/15 MP: 3/3
   299 | D:1      | Found a faded altar of an unknown god.
   725 | D:2      | Reached XP level 3. HP: 17/18 MP: 4/4
   777 | D:2      | Found Hoxoang's Armour Emporium.
   782 | D:2      | Bought a +0 helmet for 49 gold pieces
  1683 | D:3      | Gained mutation: Your natural rate of healing is unusually
                  | fast. [Vine Stalker growth]
  1683 | D:3      | Reached XP level 4. HP: 14/23 MP: 3/5
  1749 | D:3      | Identified the +1 robe "Coiruymo" {Slay+2}
  1881 | D:3      | Reached skill level 1 in Shields
  2331 | D:4      | Noticed a bullfrog
  2340 | D:4      | Killed a bullfrog
  2341 | D:4      | Reached XP level 5. HP: 27/27 MP: 6/6
  2524 | D:4      | Reached XP level 6. HP: 32/32 MP: 7/7
  2628 | D:4      | Found an ancient bone altar of Kikubaaqudgha.
  2630 | D:4      | Found a burning altar of Makhleb.
  2633 | D:4      | Found a shimmering altar of Xom.
  2849 | D:5      | Entered Level 5 of the Dungeon
  3070 | D:5      | Reached XP level 7. HP: 36/37 MP: 8/8
  3232 | D:5      | Found a stormy altar of Qazlal.
  3481 | D:5      | Found an opulent altar of Gozag.
  3605 | D:6      | Noticed a yak
  3608 | D:6      | Noticed a steam dragon
  3612 | D:6      | Killed a yak
  3615 | D:6      | Killed a steam dragon
  3616 | D:6      | Gained mutation: You have razor-sharp teeth. [Vine Stalker
                  | growth]
  3616 | D:6      | Reached XP level 8. HP: 42/42 MP: 9/9
  3646 | D:6      | Identified the +8 chain mail "Ocruo" {rPois rCorr}
  3714 | D:6      | Noticed Grinder
  3714 | D:6      | Noticed Edmund
  3769 | D:6      | Reached skill level 5 in Short Blades
  3815 | D:6      | Killed Edmund
  3816 | D:6      | Reached skill level 5 in Fighting
  3866 | D:6      | Noticed Maggie
  3872 | D:6      | Killed Maggie
  3873 | D:6      | Reached skill level 1 in Evocations
  3935 | D:6      | Reached skill level 5 in Shields
  3992 | D:6      | Killed Grinder
  3993 | D:6      | Reached skill level 1 in Armour
  3993 | D:6      | Reached XP level 9. HP: 48/48 MP: 10/10
  4251 | D:6      | Found a runed translucent door.
  4273 | D:6      | Noticed Crazy Yiuf
  4282 | D:6      | Killed Crazy Yiuf
  4376 | D:6      | Found Vasyka's Jewellery Emporium.
  4729 | D:7      | Found a staircase to the Ecumenical Temple.
  4740 | Temple   | Entered the Ecumenical Temple
  4821 | Temple   | Became a worshipper of Uskayaw the Reveller
  4905 | D:7      | Reached * piety under Uskayaw
  4907 | D:7      | Reached ** piety under Uskayaw
  4910 | D:7      | Reached *** piety under Uskayaw
  4912 | D:7      | Reached **** piety under Uskayaw
  4913 | D:7      | Reached skill level 1 in Invocations
  4917 | D:7      | Reached ***** piety under Uskayaw
  4928 | D:7      | Reached ****** piety under Uskayaw
  5329 | D:7      | Reached XP level 10. HP: 48/53 MP: 12/12
  5761 | D:8      | Noticed Eustachio
  5935 | D:8      | Killed Eustachio
  6120 | D:8      | Noticed Psyche
  6243 | D:8      | Killed Psyche
  6334 | D:8      | Reached skill level 5 in Invocations
  6652 | D:9      | Slain by a troll

Illustrated notes

Levels and vault maps discovered:
D:1:      minmay_arrival_radiant_lines, layout_basic, basic_ecumenical_altar
D:2:      layout_loops_ring, serial_shops, shop, grunt_decor_cap,
          dreamdust_princess_corridor
D:3:      layout_loops_ring
D:4:      layout_loops_ring, minitemple, hangedman_decor_peaks_small,
          dk_noncrumbling_3
D:5:      layout_rooms, nicolae_qazlal_eye_of_the_storm,
          nicolae_gozag_cash_rules_everything_around_me
D:6:      minmay_opposing_rooms, layout_loops_ring, serial_shops,
          shop_fountains, uniq_grinder, uniq_maggie, uniq_crazy_yiuf_cottage,
          uniq_edmund
D:7:      kennysheep_seaside_town, layout_cave_pools,
          minmay_temple_entry_statues_pillars, chequers_garden
D:8:      layout_basic, sword_in_stone, uniq_psyche
D:9:      layout_roguey
Temple:   minmay_crystal_spiral_temple

Skill      XL: |  1  2  3  4  5  6  7  8  9 10 |
---------------+-------------------------------+-----
Stealth        | 5 6 |  6.0
Fighting       | 2 3 4 5 6 7 |  7.2
Short Blades   | 2 3 4 5 6 7 |  7.3
Throwing       | 2 3 |  3.0
Shields        | 1 2 3 5 |  5.0
Evocations     | 2 3 4 |  4.7
Armour         | 1 2 3 |  3.0
Invocations    | 2 5 |  5.1
Dodging        | |  0.7

Action                   |  1- 3 |  4- 6 |  7- 9 | 10-12 || total
-------------------------+-------+-------+-------+-------++-------
Melee: Dagger            |    79 |    98 |   371 |   318 ||   866
       Bite              |    16 |    26 |   147 |   117 ||   306
Throw: Dart              |       |     3 |     8 |     4 ||    15
       Javelin           |       |       |       |     3 ||     3
Invok: Grand Finale      |       |       |       |     1 ||     1
Evoke: Wand              |       |       |     3 |     1 ||     4
  Use: Scroll            |       |    11 |     7 |     1 ||    19
 Stab: Sleeping          |     9 |     8 |     2 |       ||    19
       Paralysed         |       |       |     9 |    10 ||    19
Armor: Ring mail         |    19 |     1 |       |       ||    20
       Robe              |       |    30 |     7 |       ||    37
       Chain mail        |       |       |   222 |   184 ||   406
Dodge: Dodged            |    32 |    40 |    52 |    50 ||   174
Block: Buckler           |     8 |     8 |       |       ||    16
       Kite shield       |       |    26 |   167 |   154 ||   347

Table legend: (Time is in decaauts)
 A = Elapsed time spent in this place.
 B = Non-inter-level travel time spent in this place.
 C = Inter-level travel time spent in this place.
 D = Time resting spent in this place.
 E = Time spent auto-exploring this place.
 F = Levels seen in this place.
 G = Mean time per level.
                   A        B        C        D        E       F      G
               +--------+--------+--------+--------+--------+-----+--------+
         Total |   6546 |   6243 |    303 |    132 |   4279 |  10 |  654.6 |
       Dungeon |   6411 |   6162 |    249 |    132 |   4211 |   9 |  712.3 |
        Temple |    135 |     81 |     54 |      0 |     68 |   1 |  135.0 |
               +--------+--------+--------+--------+--------+-----+--------+

Top non-repeatable levels by time:
     D:6: 1118 daAuts
     D:7: 949 daAuts
     D:3: 829 daAuts
     D:4: 764 daAuts
     D:2: 725 daAuts
     D:8: 664 daAuts
     D:1: 658 daAuts
     D:5: 591 daAuts
  Temple: 135 daAuts
     D:9: 110 daAuts
